 Dungeon Crawl Stone Soup version 0.13-a0-2527-g93fcdc4 (console) character file.

294 Chozo the Chiller (level 5, -4/35 HPs)
             Began as a Mummy Ice Elementalist on July 25, 2013.
             Slain by a giant frog skeleton (6 damage)
             ... on Level 4 of the Dungeon.
             The game lasted 00:12:25 (5169 turns).

Chozo the Chiller (Mummy Ice Elementalist)          Turns: 5169, Time: 00:12:25

HP  -4/35        AC  2     Str 11      XL: 5   Next: 21%
MP  11/11        EV 12     Int 15      God:
Gold 130         SH  0     Dex 12      Spells:  3 memorised,  4 levels left

Res.Fire  : x . .   See Invis. : .   c - +2,+0 elf dagger (vamp)
Res.Cold  : + . .   Warding    : .   a - +0 robe
Life Prot.: + + +   Conserve   : .   (no shield)
Res.Poison: +       Res.Corr.  : .   (no helmet)
Res.Elec. : .       Clarity    : .   (no cloak)
Sust.Abil.: . .     Spirit.Shd : .   (no gloves)
Res.Mut.  : .       Stasis     : .   (no boots)
Res.Rott. : +       Flight     : .   (no amulet)
Saprovore : . . .                    (no ring)
                                     (no ring)

@: slightly resistant to hostile enchantments, unstealthy
A: no food or potions, fire vulnerability, restore body, cold resistance 1, life
protection 3, poison resistance, torment resistance, unbreathing
a: no special abilities


You were on level 4 of the Dungeon.
You were not hungry.

You visited 1 branch of the dungeon, and saw 4 of its levels.

You collected 110 gold pieces.

Inventory:

Hand weapons
 c - a +2,+0 elven vampiric dagger (weapon)
Armour
 a - a +0 robe (worn)
Scrolls
 e - 4 scrolls of identify {unknown}
 f - 2 scrolls of curse armour {unknown}
 g - 3 scrolls of teleportation {unknown}
 h - a scroll of curse weapon {unknown}
 i - 4 scrolls of remove curse {unknown}
 j - a scroll of enchant armour {unknown}
Jewellery
 d - an uncursed ring of fire
Books
 b - a book of Frost

   Spells                             Type                      Level
   *Freeze                            Ice                          1
   *Throw Frost                       Conjuration/Ice              2
   *Ozocubu's Armour                  Charms/Ice                   3
   Throw Icicle                       Conjuration/Ice              4
   Summon Ice Beast                   Ice/Summoning                4
   Condensation Shield                Ice                          4


   Skills:
 + Level 1.0 Fighting
 - Level 1.5 Dodging
 - Level 1.5 Stealth
 + Level 3.3 Spellcasting
 + Level 1.1 Conjurations
 + Level 3.5 Ice Magic


You had 4 spell levels left.
You knew the following spells:

 Your Spells              Type           Power        Failure   Level  Hunger
a - Freeze                Ice            ##..         6%          1    N/A
b - Throw Frost           Conj/Ice       #.....       12%         2    N/A
c - Ozocubu's Armour      Chrm/Ice       #.........   30%         3    N/A

Dungeon Overview and Level Annotations

Branches:
Dungeon (4/27)
 Temple: D:4-7

Altars:
Nemelex Xobeh
Trog


Innate Abilities, Weirdness & Mutations

You do not eat or drink.
Your flesh is vulnerable to fire.
Your flesh is cold resistant.
You are immune to negative energy.
Your system is resistant to poisons.
You are immune to unholy pain and torment.
You can survive without breathing.


Message History

The giant frog skeleton barely misses you.
You hit the giant frog skeleton. The giant frog skeleton misses you.
The giant frog skeleton barely misses you.
You hit the giant frog skeleton.
The giant frog skeleton closely misses you.
You hit the giant frog skeleton. The giant frog skeleton hits you.
You barely miss the giant frog skeleton.
The giant frog skeleton hits you.
The giant frog skeleton hits you but does no damage.
You barely miss the giant frog skeleton.
The giant frog skeleton hits you.
* * * LOW HITPOINT WARNING * * *
You hit the giant frog skeleton.
The giant frog skeleton barely misses you.
You hit the giant frog skeleton. The giant frog skeleton hits you.
* * * LOW HITPOINT WARNING * * *
The giant frog skeleton hits you.
* * * LOW HITPOINT WARNING * * *
The giant frog skeleton hits you.
You die...

### ##############.#
#..............#
#############.############.#
...............z@..........#
###########...##########...#
.?......................#
....)##.#############..#
###. .... ........<.# #
...#. #######...# ... ..
#...# .#. .# #...# #. .#
#...#


You could see a giant frog skeleton.

Vanquished Creatures
  An orc priest (D:3)
  An orc wizard (D:3)
  5 adders
  An ooze (D:2)
  9 orcs
  5 goblins
  5 hobgoblins
  A jackal (D:2)
  A quokka (D:3)
  4 bats
  5 giant cockroaches
  3 giant geckos
  2 giant newts
  4 kobolds
  8 rats
  2 toadstools (D:1)
57 creatures vanquished.

Vanquished Creatures (others)
  2 toadstools (D:1)
2 creatures vanquished.

Grand Total: 59 creatures vanquished

Notes
Turn   | Place    | Note
--------------------------------------------------------------
     0 | D:1      | Chozo, the Mummy Ice Elementalist, began the quest for the Orb.
     0 | D:1      | Reached XP level 1. HP: 13/13 MP: 3/3
   708 | D:1      | Reached XP level 2. HP: 8/19 MP: 0/4
  1938 | D:2      | Found a sparkling altar of Nemelex Xobeh.
  2770 | D:2      | Reached XP level 3. HP: 20/24 MP: 6/6
  2774 | D:2      | Learned a level 2 spell: Throw Frost
  3090 | D:2      | Reached skill level 3 in Ice Magic
  3432 | D:3      | Reached skill level 1 in Fighting
  3432 | D:3      | Reached XP level 4. HP: 28/30 MP: 4/8
  3440 | D:3      | Learned a level 3 spell: Ozocubu's Armour
  3709 | D:3      | Reached skill level 1 in Conjurations
  4726 | D:3      | Reached XP level 5. HP: 15/35 MP: 6/11
  5078 | D:3      | Found a bloodstained altar of Trog.
  5165 | D:4      | HP: 1/35 [giant frog skeleton (3)]
  5169 | D:4      | Slain by a giant frog skeleton

Action                   |  1- 3 |  4- 6 || total
-------------------------+-------+-------++-------
Melee: Club              |    17 |       ||    17
       Unarmed           |     5 |       ||     5
       Sabre             |    13 |     2 ||    15
       Dagger            |       |    38 ||    38
 Cast: Freeze            |    57 |    34 ||    91
       Throw Frost       |     1 |     6 ||     7
 Stab: Sleeping          |       |     1 ||     1
